 Dungeon Crawl Stone Soup version 0.19.4 (webtiles) character file.

2310 MeIsWinter the Carver (level 9, -16/63 HPs)
             Began as a Minotaur Fighter on Feb 1, 2017.
             Was a Follower of Hepliaklqana.
             Killed from afar by a hippogriff (28 damage)
             ... with an exploding inner flame
             ... hexed by the player character
             ... on level 7 of the Dungeon on Feb 2, 2017.
             The game lasted 00:40:37 (5076 turns).

MeIsWinter the Carver (Minotaur Fighter)            Turns: 5076, Time: 00:40:37

Health: -16/63     AC: 11    Str: 21    XL:     9   Next: 18%
Magic:  11/11      EV:  6    Int:  5    God:    Hepliaklqana [*.....]
Gold:   341        SH: 11    Dex: 11    Spells: 3 memorised, 8 levels left

rFire  . . .     SeeInvis .     a - +1 long sword
rCold  . . .     Gourm    .     q - +0 chain mail
rNeg   . . .     Faith    .     c - +0 shield
rPois  .         Spirit   .     (helmet restricted)
rElec  .         Reflect  .     o - +0 cloak
rCorr  .         Harm     .     D - +0 pair of gloves
MR     .....                    (no boots)
Stlth  ..........               (no amulet)
                                A - ring of stealth
                                t - -2 ring of intelligence (curse)

@: marked
A: retaliatory headbutt, reduced essence, horns 2
a: Recall Ancestor, Ancestor Identity, Renounce Religion


You were on level 7 of the Dungeon.
You worshipped Hepliaklqana.
Hepliaklqana was aware of your devotion.
You were not hungry.

You visited 1 branch of the dungeon, and saw 7 of its levels.

You collected 341 gold pieces.

Inventory:

Hand Weapons
 a - a +1 long sword (weapon)
 d - a +0 halberd
 H - a +0 falchion
Armour
 c - a +0 shield (worn)
 o - a +0 cloak (worn)
 q - a +0 chain mail (worn)
 D - a +0 pair of gloves (worn)
Jewellery
 h - an uncursed ring of stealth
 t - a cursed -2 ring of intelligence (left hand)
 A - a ring of stealth (right hand)
 B - an uncursed ring of resist corrosion
Wands
 J - a wand of slowing (19/48)
 K - a wand of polymorph (16/24)
Scrolls
 e - 6 scrolls of identify
 g - 2 scrolls of noise
 i - 4 scrolls of magic mapping
 j - 2 scrolls of amnesia {unknown}
 r - 2 scrolls of teleportation {unknown}
 s - a scroll of remove curse {unknown}
 u - a scroll of enchant weapon
 x - a scroll of fog {unknown}
 y - a scroll of recharging {unknown}
 C - a scroll of fear {unknown}
 I - a scroll of blinking {unknown}
Potions
 k - a potion of haste {unknown}
 m - a potion of brilliance {unknown}
 n - 3 potions of agility
 v - a potion of berserk rage {unknown}
 z - 2 potions of heal wounds {unknown}
 F - 2 potions of invisibility
 G - a potion of lignification {unknown}
Books
 l - a book of Conjurations

   Spells                             Type                      Level
   a - Magic Dart                     Conjuration                  1
   b - Searing Ray                    Conjuration                  2
   c - Dazzling Spray                 Conjuration/Hexes            3
   d - Fulminant Prism                Conjuration/Hexes            4
   e - Iskenderun's Mystic Blast      Conjuration                  4
   f - Iskenderun's Battlesphere      Conjuration/Charms           5
 w - a book of Changes

   Spells                             Type                      Level
   a - Beastly Appendage              Transmutation                1
   b - Sticks to Snakes               Transmutation                2
   c - Spider Form                    Transmutation/Poison         3
   d - Ice Form                       Ice/Transmutation            4
   e - Blade Hands                    Transmutation                5
Comestibles
 b - a beef jerky
 f - 7 bread rations
 p - 2 meat rations
 L - 6 chunks of flesh


   Skills:
 - Level 3.7 Fighting
 + Level 10.8 Long Blades
 - Level 3.7 Armour
 + Level 9.0 Shields
 * Level 2.2 Spellcasting
 - Level 2.2 Transmutations


You had 8 spell levels left.
You knew the following spells:

 Your Spells              Type           Power        Failure   Level  Hunger
a - Beastly Appendage     Tmut           #.....       100%        1    ##.....
b - Sticks to Snakes      Tmut           #.......     100%        2    ###....
c - Magic Dart            Conj           #...         100%        1    ##.....


Dungeon Overview and Level Annotations

Branches:
Dungeon (7/15)             Temple (0/1) D:5

Altars:
Cheibriados
Gozag
Hepliaklqana
Kikubaaqudgha
Zin


Innate Abilities, Weirdness & Mutations

You reflexively headbutt those who attack you in melee.
You have a pair of horns on your head.
Your life essence is reduced. (-10% HP)


Message History

You block the hippogriff's attack. The hippogriff claws you.
* * * LOW HITPOINT WARNING * * *
As you read the scroll labeled HAATABR ONEGY, it crumbles to dust.
The creatures around you are filled with an inner flame!
It was a scroll of immolation.
The orc warrior yells noisily.
The orc warrior hits you but does no damage.
The hippogriff bites you but does no damage.
You block the hippogriff's attack.
The hippogriff claws you but does no damage.
Your chain mail prevents you from hitting the hippogriff.
The hippogriff is severely wounded.
The orc warrior hits you but does no damage.
You block the hippogriff's attack. The hippogriff pecks you.
* * * LOW HITPOINT WARNING * * *
You block the hippogriff's attack.
You slash the hippogriff!
The hippogriff explodes!
The fiery explosion engulfs you!
You die...

## #.....).#
#####
...###(......#
.............#
..##........#
#........#
#g[>.....#
#oo......# #
#o####.### #.
#@# #.# #..#
#§# #.# ...H.
#§# ......#)#
#..i....#
#.##..
........# ##
#.##.#
##.#>##.#
#########)
#.##.# #.#.
... #........)
#.##.# #.# #.#
##.#######)


You could see an orc warrior (inner flame), a gnoll (inner flame) and 2 orcs.

Vanquished Creatures
  A hippogriff (D:7)
  Eustachio (D:6)
  Edmund (D:6)
  Duvessa (D:6)
  An ice beast (D:5)
  A phantom (D:3)
  A necrophage (D:5)
  A centaur (D:3)
  A big kobold (D:7)
  Blork the orc (D:6)
  2 bullfrogs
  Dowan (D:6)
  A howler monkey (D:6)
  A centaur zombie (D:6)
  3 hounds
  An orc priest (D:5)
  A jelly (D:6)
  2 orc wizards (D:5)
  A worker ant (D:6)
  Robin (D:2)
  A worker ant zombie (D:6)
  2 gnolls (D:7)
  2 adders
  2 shadow imps
  An ooze (D:1)
  An adder skeleton (D:6)
  3 worms
  A dart slug (D:1)
  4 leopard geckos
  9 orcs
  9 bats
  3 giant cockroaches
  14 goblins
  6 hobgoblins
  7 jackals
  7 kobolds
  A ball python (D:3)
  3 frilled lizards
  A jackal skeleton (D:3)
  A jackal zombie (D:7)
  A leopard gecko zombie (D:6)
  9 rats
  A butterfly (D:5)
113 creatures vanquished.

Vanquished Creatures (collateral kills)
  Grinder (D:5)
  A spriggan (D:7)
  An ice beast (D:5)
  A centaur (D:6)
  A scorpion (D:6)
  2 orc wizards (D:5)
  A gnoll (D:5)
  A shadow imp (D:6)
  3 leopard geckos
  A butterfly (D:5)
13 creatures vanquished.

Vanquished Creatures (others)
  3 ancestors
3 creatures vanquished.

Grand Total: 129 creatures vanquished

Notes
Turn   | Place    | Note
-------+----------+-------------------------------------------
     0 | D:1      | MeIsWinter the Minotaur Fighter began the quest for the Orb.
     0 | D:1      | Reached XP level 1. HP: 19/19 MP: 0/0
   221 | D:1      | Reached XP level 2. HP: 27/27 MP: 1/1
   334 | D:1      | Reached skill level 3 in Long Blades
  1113 | D:2      | Reached XP level 3. HP: 30/33 MP: 2/2
  1413 | D:2      | Noticed Robin
  1456 | D:2      | Killed Robin
  1456 | D:2      | Reached skill level 4 in Long Blades
  1949 | D:3      | Reached XP level 4. HP: 40/40 MP: 3/3
  1995 | D:3      | Noticed a phantom
  2056 | D:3      | Killed a phantom
  2056 | D:3      | Reached skill level 5 in Long Blades
  2056 | D:3      | Reached XP level 5. HP: 12/46 MP: 4/4
  2166 | D:3      | Noticed a centaur
  2175 | D:3      | Killed a centaur
  2175 | D:3      | Reached skill level 6 in Long Blades
  2175 | D:3      | Reached skill level 5 in Shields
  2511 | D:3      | Reached XP level 6. HP: 52/52 MP: 5/5
  3077 | D:4      | Found a hazy altar of Hepliaklqana.
  3077 | D:4      | Found an opulent altar of Gozag.
  3087 | D:4      | Learned a level 1 spell: Beastly Appendage
  3097 | D:4      | Became a worshipper of Hepliaklqana the Forgotten
  3155 | D:4      | Found an ancient bone altar of Kikubaaqudgha.
  3174 | D:5      | Entered Level 5 of the Dungeon
  3180 | D:5      | Noticed Grinder
  3210 | D:5      | Killed Grinder
  3210 | D:5      | Reached skill level 7 in Long Blades
  3210 | D:5      | Reached skill level 1 in Transmutations
  3229 | D:5      | Learned a level 2 spell: Sticks to Snakes
  3271 | D:5      | Reached XP level 7. HP: 42/52 MP: 6/6
  3340 | D:5      | Reached skill level 8 in Long Blades
  3446 | D:5      | Found a staircase to the Ecumenical Temple.
  3730 | D:5      | Found a glowing silver altar of Zin.
  4003 | D:6      | Reached skill level 9 in Long Blades
  4003 | D:6      | Reached XP level 8. HP: 53/59 MP: 7/7
  4085 | D:6      | Reached * piety under Hepliaklqana
  4097 | D:6      | Noticed Edmund
  4121 | D:6      | Killed Edmund
  4179 | D:6      | Noticed Eustachio
  4199 | D:6      | Killed Eustachio
  4199 | D:6      | Reached skill level 1 in Spellcasting
  4207 | D:6      | Learned a level 1 spell: Magic Dart
  4333 | D:6      | Noticed Blork the orc
  4340 | D:6      | Killed Blork the orc
  4345 | D:6      | Noticed Dowan
  4346 | D:6      | Noticed Duvessa
  4356 | D:6      | Killed Duvessa
  4356 | D:6      | Reached skill level 10 in Long Blades
  4357 | D:6      | Killed Dowan
  4499 | D:6      | Found a snail-covered altar of Cheibriados.
  4916 | D:7      | Noticed a hippogriff
  4929 | D:7      | Killed a hippogriff
  4929 | D:7      | Reached XP level 9. HP: 50/63 MP: 9/11
  5076 | D:7      | Killed from afar by a hippogriff

Skill      XL: |  1  2  3  4  5  6  7  8  9 |
---------------+----------------------------+-----
Shields        | 4 5 6 8 9 |  9.0
Long Blades    | 3 4 5 6 7 9 10 | 10.8
Transmutations | 1 2 |  2.2
Spellcasting   | 2 |  2.2
Fighting       | |  3.7
Armour         | |  3.7

Action                   |  1- 3 |  4- 6 |  7- 9 || total
-------------------------+-------+-------+-------++-------
Melee: Long sword        |   109 |   123 |   174 ||   406
       Headbutt          |    17 |    16 |    38 ||    71
Invok: Recall Ancestor   |       |     1 |     1 ||     2
       Ancestor Identity |       |     1 |       ||     1
  Use: Scroll            |     1 |       |     4 ||     5
       Potion            |       |     1 |     3 ||     4
 Stab: Distracted        |       |       |     3 ||     3
  Eat: Chunk             |     3 |     5 |     1 ||     9
       Bread ration      |       |       |     1 ||     1
Armor: Scale mail        |     6 |       |       ||     6
       Chain mail        |    30 |    62 |    87 ||   179
Dodge: Dodged            |    28 |    35 |    37 ||   100
Block: Shield            |    58 |    68 |    99 ||   225
       Rpst.: Long sword |     8 |     4 |    12 ||    24
